 Dungeon Crawl Stone Soup version 0.26-a0-1033-gd598b01645 (webtiles) character file.

Game seed: 6125245996063696680

284 robertstho the Slinger (level 6, -9/41 HPs)
             Began as a Halfling Hunter on Dec 10, 2020.
             Was an Initiate of Gozag.
             Mangled by Menkaure (17 damage)
             ... on level 4 of the Dungeon.
             The game lasted 00:05:56 (4125 turns).

robertstho the Slinger (Halfling Hunter)            Turns: 4125, Time: 00:05:57

Health: -9/41      AC:  9    Str: 11 (14) XL:     6   Next: 54%
Magic:  6/6        EV:  4    Int:  8 (9)  God:    Gozag
Gold:   239        SH:  9    Dex: 14 (16) Spells: 5/5 levels left

rFire    . . .     SeeInvis .   a - +1 hunting sling
rCold    + + .     Faith    .   t - +2 kite shield
rNeg     . . .     Spirit   .   l - +0 chain mail
rPois    .         Reflect  .   (no helmet)
rElec    .         Harm     .   v - +0 cloak (curse)
rCorr    .         Rampage  .   (no gloves)
Will     .....                  (no boots)
Stlth    ..........             (no amulet)
HPRegen  0.13/turn              h - ring of protection from cold
MPRegen  0.10/turn              c - ring of protection from cold

@: brilliant
A: small, mutation resistance 1
a: Potion Petition, Call Merchant, Bribe Branch, Renounce Religion


You were on level 4 of the Dungeon.
You worshipped Gozag.
Gozag was aware of your devotion.
You visited 1 branch of the dungeon, and saw 4 of its levels.

You collected 264 gold pieces.
You paid 25 gold pieces to Gozag.

Inventory:

Hand Weapons
 a - a +1 hunting sling (weapon)
 s - a +2 hand axe of flaming
Missiles
 d - 11 sling bullets
 i - 83 stones (quivered ammo)
Armour
 l - a +0 chain mail (worn)
 t - a +2 kite shield (worn)
 v - a cursed +0 cloak (worn)
Jewellery
 c - a ring of protection from cold (right hand)
 h - a ring of protection from cold (left hand)
 y - an uncursed ring of magical power
 D - an uncursed amulet of faith {unknown}
Scrolls
 g - 8 scrolls of identify
 j - 2 scrolls of teleportation {unknown}
 m - a scroll of fog {unknown}
 o - 7 scrolls of enchant weapon {unknown}
 p - a scroll of remove curse {unknown}
 u - 2 scrolls of magic mapping {unknown}
 x - a scroll of enchant armour {unknown}
 C - a scroll of random uselessness {unknown}
Potions
 b - a potion of attraction {unknown}
 e - 2 potions of mutation
 f - a potion of haste {unknown}
 k - 3 potions of degeneration
 n - a potion of brilliance
 r - a potion of might {unknown}
 w - a potion of lignification {unknown}
 z - 2 potions of berserk rage {unknown}
 B - 2 potions of flight {unknown}


   Skills:
 * Level 2.7 Fighting
 + Level 8.7(9.0) Slings
 * Level 2.2(4.4) Throwing
 + Level 1.6 Armour
 + Level 2.3 Dodging
 + Level 1.2 Stealth
 + Level 1.0 Shields


You had 5 spell levels left.
You didn't know any spells.
Your spell library was empty.

Dungeon Overview and Level Annotations

Branches:
Dungeon (4/15)             Temple (0/1) D:4

Altars:
Elyvilon
Gozag
Nemelex Xobeh
Sif Muna
Uskayaw
Zin
The Shining One

Annotations:
D:4 Eustachio, Menkaure


Innate Abilities, Weirdness & Mutations

You are small and have problems with some larger weapons.
You are somewhat resistant to further mutation.


Message History

You feel clever all of a sudden.
The quasit disappears in a puff of smoke!
Menkaure calls on the powers of darkness!
Your body is wracked with pain!
* * * LOW HITPOINT WARNING * * *
Eustachio convulses!
You block the river rat's attack.
Fire: 85 stones
Press: ? - help, Q - select action, (/) - cycle Shift-Dir - straight line, f/p - Menkaure
Aim: Menkaure (moderately damaged, fast)
You shoot a stone. The stone hits Menkaure.
Menkaure is heavily damaged.
You block Menkaure's attack.
Fire: 84 stones
Press: ? - help, Q - select action, (/) - cycle Shift-Dir - straight line, f/p - Menkaure
Aim: Menkaure (heavily damaged, fast)
You shoot a stone. The stone hits Menkaure.
Menkaure is severely damaged.
The river rat barely misses you. Menkaure hits you!
You die...
Your body crumbles into a pile of gold.

#..# ####.##.##§#
#..# #.##.##.##
...######.##.##.r#
##........##.###@#
###.#######.# #.#
#.## #.# #§# #..#
#.# #r# ##.# #.#
#r# ###'### #.#
#@# #.....# #.#
#M# ###.⌠.⌠.####.#
#.#
#.'..>..'.##.###.#
#.#.⌠.⌠.#.#.#.##.#
#.#.....#..###.#.#
..###'#####.#.##.#
#.# #.# ##..##.#
#.###.# ##.#


You could see Menkaure (fast), a river rat (summoned) and a rat (summoned).

Vanquished Creatures
  An iguana (D:4)
  2 worker ants (D:4)
  3 gnolls (D:3)
  8 adders
  An ooze (D:2)
  3 worms (D:2)
  A dart slug (D:3)
  5 leopard geckos
  4 orcs
  3 giant cockroaches
  11 goblins
  10 hobgoblins
  3 jackals (D:4)
  10 kobolds
  4 quokkas
  2 ball pythons
  4 bats
  5 frilled lizards
  9 rats
89 creatures vanquished.

Vanquished Creatures (others)
  3 plants (D:3)
3 creatures vanquished.

Grand Total: 92 creatures vanquished

Notes
Turn   | Place    | Note
-------+----------+-------------------------------------------
     0 | D:1      | robertstho the Halfling Hunter began the quest for the Orb.
     0 | D:1      | Reached XP level 1. HP: 14/14 MP: 1/1
   179 | D:1      | Reached skill level 6 in Slings
   189 | D:1      | Reached XP level 2. HP: 19/19 MP: 2/2
   733 | D:2      | Reached XP level 3. HP: 19/24 MP: 3/3
   840 | D:2      | Reached skill level 1 in Throwing
  1007 | D:2      | Reached XP level 4. HP: 29/29 MP: 4/4
  1101 | D:2      | Reached skill level 7 in Slings
  1547 | D:2      | Found a hide-covered altar of Uskayaw.
  1704 | D:2      | Reached XP level 5. HP: 34/34 MP: 5/5
  1886 | D:2      | Found a shimmering blue altar of Sif Muna.
  2377 | D:3      | Reached skill level 8 in Slings
  2759 | D:3      | Found an opulent altar of Gozag.
  2760 | D:3      | Found a sparkling altar of Nemelex Xobeh.
  2775 | D:3      | Became a worshipper of Gozag Ym Sagoz the Greedy
  2953 | D:3      | Reached XP level 6. HP: 41/41 MP: 6/6
  3476 | D:4      | Reached skill level 1 in Shields
  3599 | D:4      | Found a staircase to the Ecumenical Temple.
  3623 | D:4      | Found a glowing golden altar of the Shining One.
  3624 | D:4      | Found a glowing silver altar of Zin.
  3624 | D:4      | Found a white marble altar of Elyvilon.
  3676 | D:4      | Reached skill level 1 in Armour
  4059 | D:4      | Noticed Eustachio
  4115 | D:4      | Noticed Menkaure
  4125 | D:4      | Mangled by Menkaure

Illustrated notes

Levels and vault maps discovered:
D:1:      minmay_arrival_hallway, layout_basic, kennysheep_nondescript
D:2:      layout_loops_corners, eat_drink_and_be_merry_uskayaw, led_sif_pool
D:3:      layout_loops_corners, grunt_temple_overflow_opulence,
          wad_woods_river_04, minmay_fractal_squares_gapless_5
D:4:      layout_loops_ring, good_gods_temple_1, minmay_temple_entry_hall,
          hex_large, uniq_menkaure, uniq_eustachio

Skill      XL: |  1  2  3  4  5  6 |
---------------+-------------------+-----
Slings         | 6 7 8 |  8.7
Fighting       | 2 |  2.7
Throwing       | 1 2 |  2.2
Shields        | 1 |  1.0
Armour         | 1 |  1.6
Dodging        | |  2.3
Stealth        | |  1.2

Action                   |  1- 3 |  4- 6 || total
-------------------------+-------+-------++-------
 Fire: Hunting sling     |    88 |   316 ||   404
  Use: Potion            |       |     6 ||     6
       Scroll            |       |     1 ||     1
Armor: Leather armour    |     2 |       ||     2
       Chain mail        |    10 |    54 ||    64
Dodge: Dodged            |     6 |    31 ||    37
Block: Kite shield       |    13 |    86 ||    99

Table legend: (Time is in decaauts)
 A = Elapsed time spent in this place.
 B = Non-inter-level travel time spent in this place.
 C = Inter-level travel time spent in this place.
 D = Time resting spent in this place.
 E = Time spent auto-exploring this place.
 F = Levels seen in this place.
 G = Mean time per level.
                   A        B        C        D        E       F      G
               +--------+--------+--------+--------+--------+-----+--------+
         Total |   4093 |   3924 |    169 |    217 |   3044 |   4 | 1023.2 |
       Dungeon |   4093 |   3924 |    169 |    217 |   3044 |   4 | 1023.2 |
               +--------+--------+--------+--------+--------+-----+--------+

Top non-repeatable levels by time:
     D:2: 1419 daAuts
     D:3: 1190 daAuts
     D:4: 758 daAuts
     D:1: 724 daAuts
